 Dungeon Crawl Stone Soup version 0.28.0-45-g0d030f2227 (webtiles) character file.

Game seed: 11160192946323299135

443 101zpm the Magician (level 6, 0/33 HPs)
             Began as a Deep Elf Ice Elementalist on Apr 20, 2022.
             Succumbed to a scorpion's poison
             ... on level 4 of the Dungeon.
             The game lasted 00:08:52 (2656 turns).

101zpm the Magician (Deep Elf Ice Elementalist)     Turns: 2656, Time: 00:08:53

Health: 0/33       AC:  2    Str:  5    XL:     6   Next: 71%
Magic:  17/17      EV: 13    Int: 22    God:
Gold:   149        SH:  0    Dex: 15    Spells: 7/18 levels left

rFire   + . .      SeeInvis .   f - +0 short sword
rCold   + . .      Faith    .   (no shield)
rNeg    . . .      Spirit   .   a - +0 robe
rPois   +          Reflect  .   (no helmet)
rElec   +          Harm     .   (no cloak)
rCorr   +          Rampage  .   (no gloves)
Will    .....                   (no boots)
Stlth   ++........              (no amulet)
HPRegen 0.11/turn               d - ring of wizardry
MPRegen 0.15/turn               (no ring)

@: lethally poisoned (0 -> -1), resistant, flying
A: no striking features
a: no special abilities


You were on level 4 of the Dungeon.
You visited 1 branch of the dungeon, and saw 4 of its levels.
You also visited: Sewer.

You collected 149 gold pieces.

Inventory:

Hand Weapons
 f - a +0 short sword (weapon)
Missiles
 b - 15 poisoned darts (quivered)
 g - a stone
Armour
 a - a +0 robe (worn)
Jewellery
 d - a ring of wizardry (left hand)
Scrolls
 h - a scroll of summoning
Potions
 c - a potion of resistance
 e - a potion of flight
 i - a potion of haste {unknown}
 j - a potion of mutation {unknown}
 k - a potion of attraction {unknown}


   Skills:
 + Level 0.3 Fighting
 + Level 0.1 Short Blades
 + Level 1.3 Throwing
 + Level 3.1 Dodging
 + Level 3.1 Stealth
 + Level 0.4 Unarmed Combat
 + Level 6.7 Spellcasting
 + Level 6.3 Ice Magic


You had 7 spell levels left.
You knew the following spells:

 Your Spells              Type           Power      Damage    Failure   Level
a - Freeze                Ice            100%       1d11      1%          1
b - Frozen Ramparts       Ice            70%        1d9       1%          3
c - Ozocubu's Armour      Ice            35%        N/A       1%          3
d - Hailstorm             Conj/Ice       21%        3d6       9%          4

Your spell library contained the following spells:

 Spells                   Type           Power      Damage    Failure   Level
 Gell's Gravitas          Tloc           7%         N/A       11%         3
 Lesser Beckoning         Tloc           7%         N/A       11%         3
 Teleport Other           Tloc           7%         N/A       11%         3


Dungeon Overview and Level Annotations

Branches:
Dungeon (4/15)             Temple (0/1) D:4           Sewer (visited)

Altars:
Ashenzari


Message History

The scorpion stings you.
You are lethally poisoned!
The scorpion poisons you!
Throw: 16 darts (poison)
Press: ? - help, Q - select action, (/) - cycle Shift-Dir - straight line, f/p - scorpion
Aim: a scorpion (heavily wounded, poisoned, 57% to hit)
You throw a poisoned dart. The poisoned dart hits the scorpion.
The scorpion looks even sicker.
The scorpion is heavily wounded.
You feel very sick. The scorpion closely misses you.
You feel very sick.
You feel very sick. The scorpion misses you.
There is an open door here.
* * * LOW HITPOINT WARNING * * *
You feel sick.
* * * LOW HITPOINT WARNING * * *
You feel sick.
You kill the scorpion!
There is a lethal amount of poison in your body!
There is a lethal amount of poison in your body!
There is a lethal amount of poison in your body!
It was a potion of resistance.
You feel protected.
* * * LOW HITPOINT WARNING * * *
You feel sick.
Unknown command.
* * * LOW HITPOINT WARNING * * *
You feel sick.
* * * LOW HITPOINT WARNING * * *
You feel sick.
* * * LOW HITPOINT WARNING * * *
You feel sick.
* * * LOW HITPOINT WARNING * * *
You feel sick.
It was a potion of flight.
You feel very buoyant.
You fly up into the air.
You die...

......#####'###....#.............
......#.......#....#....†........
......#.......+....#.....########
###'###.......###'##.....#
....[.............)).....#
.........................#
......................>..#
.........................#
..........####..@........+
#.....###....#...........#
###_#####....#####'#######
#.....###...............#
.....................(..#
.#....##.....##......<...#
.#....##.....##...###..(##
.#...........##### ...#
.#...........# .....


There were no monsters in sight!

Vanquished Creatures
  Pargi (Sewer)
  A kobold brigand (Sewer)
  A bullfrog (D:4)
  A scorpion (D:4)
  A gnoll shaman (D:4)
  Jessica (D:3)
  3 gnolls (D:4)
  4 adders
  4 endoplasms
  3 giant cockroaches
  2 goblins
  2 hobgoblins
  3 jackals
  5 quokkas
  3 ball pythons
  3 bats (D:1)
  A frilled lizard (Sewer)
  A kobold (Sewer)
  4 rats (D:1)
44 creatures vanquished.

Notes
Turn   | Place    | Note
-------+----------+-------------------------------------------
     0 | D:1      | 101zpm the Deep Elf Ice Elementalist began the quest for
                  | the Orb.
     0 | D:1      | Reached XP level 1. HP: 10/10 MP: 6/6
   456 | D:1      | Reached XP level 2. HP: 13/15 MP: 4/8
  1148 | D:3      | Noticed Jessica
  1152 | D:3      | Reached skill level 5 in Ice Magic
  1157 | D:3      | Killed Jessica
  1158 | D:3      | Reached XP level 3. HP: 12/19 MP: 3/10
  1478 | D:4      | Noticed a phantom
  1510 | D:4      | Found a broken altar of Ashenzari.
  1575 | D:4      | Found a glowing drain.
  1592 | D:4      | Reached XP level 4. HP: 16/24 MP: 9/12
  1650 | Sewer    | Entered a sewer
  1860 | Sewer    | Noticed Pargi
  1870 | Sewer    | Learned a level 3 spell: Frozen Ramparts
  1874 | Sewer    | Learned a level 3 spell: Ozocubu's Armour
  1879 | Sewer    | Learned a level 4 spell: Hailstorm
  1892 | Sewer    | Noticed a kobold brigand
  1898 | Sewer    | Killed a kobold brigand
  1899 | Sewer    | Reached skill level 5 in Spellcasting
  1899 | Sewer    | Reached XP level 5. HP: 24/28 MP: 6/14
  2023 | Sewer    | Killed Pargi
  2323 | D:4      | Reached XP level 6. HP: 29/32 MP: 13/17
  2383 | D:4      | Reached skill level 1 in Throwing
  2583 | D:4      | Found a staircase to the Ecumenical Temple.
  2655 | D:4      | HP: 1/33 [poisoned by a scorpion]
  2656 | D:4      | Succumbed to a scorpion's poison

Illustrated notes

Levels and vault maps discovered:
D:1:      lightli_iron_boxes, layout_basic, grunt_decor_arrowhead
D:2:      layout_rooms
D:3:      layout_rooms, uniq_jessica
D:4:      layout_gridville, cheibrodos_ashenzari_chains, temple_statues,
          gup_sewer_entry_glass, kennysheep_generic_room_5, uniq_pikel

Skill      XL: |  1  2  3  4  5  6 |
---------------+-------------------+-----
Ice Magic      | 5 6 |  6.3
Spellcasting   | 4 5 6 |  6.7
Dodging        | 3 |  3.1
Stealth        | 3 |  3.1
Throwing       | 1 |  1.3
Fighting       | |  0.3
Short Blades   | |  0.1
Unarmed Combat | |  0.4

Action                   |  1- 3 |  4- 6 || total
-------------------------+-------+-------++-------
Melee: Unarmed           |    11 |       ||    11
       Short sword       |       |    13 ||    13
Throw: Dart              |       |    18 ||    18
       Stone             |       |     2 ||     2
 Cast: Freeze            |    47 |     5 ||    52
       Frozen Ramparts   |       |     8 ||     8
       Ozocubu's Armour  |       |     3 ||     3
  Use: Scroll            |     3 |       ||     3
       Potion            |       |     2 ||     2
Armor: Robe              |    13 |     6 ||    19
Dodge: Dodged            |    39 |    25 ||    64
